Map: Tête de pont EC (Void)

Players

IIIIIIIIII - Winner!

  • Race: Zerg Zerg
  • League: Silver

AgCl

  • Race: Protoss Protoss
  • League: Gold

VOD

Have the link to the VOD?

Description

Time

  • Played on: July 18, 2015, 1:57 a.m.
  • Length: 11:53
Show
View Real Time Build Order
Export as new Build Order

IIIIIIIIII Zerg - Winner!

Build Orders: Pool First 

Get SALT Encoding   

  12  0:01  Drone  
  13  0:16  Overlord  
  13  0:17  Drone  
  14  0:34  Drone x2  
  16  0:38  Drone  
  17  0:47  Spawning Pool  
  16  1:11  Hatchery  
  15  1:18  Drone  
  16  1:20  Overlord  
  16  1:22  Drone  
  17  1:33  Queen  
  17  1:37  Zergling x2  
  20  1:44  Drone  
  21  2:04  Overlord  
  21  2:05  Drone  
  22  2:09  Queen  
  24  2:27  Hatchery  
  23  2:36  Zergling x4  
  24  2:38  Queen  
  24  2:39  Drone  
  24  2:40  Drone  
  24  2:43  Drone, Extractor  
  24  2:44  Drone  
  29  2:50  Overlord  
  29  2:53  Zergling x2  
  30  3:00  Drone x2  
  32  3:06  Overlord  
  32  3:08  Drone  
  33  3:15  Drone x2  
  35  3:27  Drone x2  
  35  3:29  Roach Warren  
  35  3:34  Drone x2  
  38  3:35  Drone  
  39  3:44  Drone x3  
  42  3:54  Queen  
  41  4:07  Spore Crawler x2  
  40  4:10  Drone x5  
  40  4:11  Drone  
  45  4:18  Spore Crawler  
  45  4:22  Drone x2  
  45  4:23  Drone x2  
  48  4:30  Lair  
  48  4:34  Drone x3  
  48  4:35  Drone x2  
  53  4:45  Extractor  
  53  4:46  Extractor  
  53  4:47  Drone x4, Extractor  
  53  4:48  Drone  
  53  4:50  Drone x2  
  57  4:57  Queen  
  57  4:58  Queen  
  59  5:12  Overlord x2  
  59  5:13  Overlord x3  
  59  5:18  Drone  
  59  5:19  Drone x2  
  59  5:20  Drone  
  63  5:23  Extractor  
  63  5:24  Drone x3, Extractor  
  64  5:31  Overlord  
  64  5:36  Queen  
  64  5:39  Hydralisk Den  
  65  5:47  Spire  
  64  6:02  Overlord x2  
  64  6:04  Drone  
  64  6:05  Drone x8  
  64  6:08  Hatchery  
  64  6:11  Drone x2  
  74  6:12  Drone x2  
  74  6:13  Drone  
  74  6:17  Muscular Augments  
  77  6:26  Hydralisk x3  
  77  6:29  Hydralisk  
  85  6:33  Hydralisk x2  
  85  6:37  Hydralisk  
  85  6:38  Hydralisk  
  91  6:41  Hydralisk  
  91  6:45  Hydralisk x2  
  97  6:50  Hydralisk x2  
  97  6:54  Hydralisk x2  
  101  7:00  Hydralisk x2  
  107  7:05  Overlord x2  
  107  7:06  Overlord  
  107  7:13  Hydralisk x3  
  103  7:19  Hydralisk  
  103  7:20  Hydralisk  
  103  7:21  Hydralisk x2  
  111  7:25  Queen  
  113  7:30  Hydralisk x2  
  117  7:37  Hydralisk x3  
  123  7:49  Hydralisk  
  123  7:50  Hydralisk x4  
  127  7:53  Hydralisk  
  127  7:54  Hydralisk  
  127  7:57  Hydralisk  
  125  7:59  Hydralisk  
  125  8:04  Hydralisk x2  
  121  8:14  Hydralisk x4  
  121  8:18  Hydralisk  
  131  8:26  Hydralisk x2  
  135  8:34  Overlord  
  135  8:35  Overlord  
  135  8:37  Overlord  
  135  8:45  Queen  
  133  8:51  Overlord  
  133  8:52  Overlord x2  
  133  8:55  Hydralisk x2  
  126  9:09  Hydralisk x4  
  124  9:10  Corruptor  
  124  9:11  Corruptor x3  
  138  9:24  Overlord x2  
  138  9:31  Overlord  
  137  9:40  Hatchery  
  134  9:46  Corruptor  
  132  9:53  Corruptor x4  
  134  10:01  Extractor  
  134  10:02  Extractor  
  134  10:06  Spore Crawler x2  
  130  10:07  Spore Crawler  
  130  10:10  Spore Crawler  
  130  10:11  Spore Crawler  
  130  10:12  Spore Crawler  
  130  10:13  Corruptor  
  128  10:15  Overlord x3  
  128  10:20  Overlord x3  
  126  10:34  Corruptor  
  105  10:57  Drone  
  92  11:20  Drone x2  
  92  11:22  Corruptor  
  96  11:34  Spawning Pool  
  89  11:40  Extractor  
  89  11:43  Extractor  
Show
View Real Time Build Order
Export as new Build Order

AgCl Protoss 

Build Orders: Oracle Opening, Carrier Rush 

Get SALT Encoding   

  13  0:11  Pylon  
  12  0:17  Probe  
  13  0:31  Probe, Gateway  
  14  0:39  Assimilator  
  14  0:43  Probe  
  15  0:55  Probe  
  16  1:06  Pylon  
  16  1:07  Probe (Chrono Boost)  
  17  1:17  Probe (Chrono Boost)  
  18  1:18  Zealot (Chrono Boost)  
  18  1:24  Probe  
  21  1:28  Cybernetics Core  
  21  1:36  Probe (Chrono Boost)  
  22  1:40  Assimilator  
  22  1:46  Probe (Chrono Boost)  
  23  1:53  Probe  
  24  2:05  Probe  
  24  2:16  Stargate  
  24  2:17  Probe  
  24  2:18  Warp Gate  
  25  2:29  Probe  
  26  2:41  Probe  
  25  2:44  Nexus  
  25  2:49  Pylon  
  25  2:54  Probe (Chrono Boost)  
  26  3:00  Oracle (Chrono Boost)  
  29  3:09  Mothership Core (Chrono Boost)  
  31  3:18  Assimilator  
  31  3:21  Assimilator  
  31  3:23  Probe (Chrono Boost)  
  32  3:35  Probe (Chrono Boost)  
  33  3:45  Fleet Beacon, Pylon  
  33  3:46  Probe (Chrono Boost)  
  34  3:57  Probe (Chrono Boost)  
  34  4:01  Probe (Chrono Boost)  
  36  4:07  Probe (Chrono Boost)  
  36  4:09  Probe (Chrono Boost)  
  38  4:14  Probe  
  38  4:16  Protoss Air Weapons Level 1 (Chrono Boost)  
  39  4:20  Probe  
  40  4:26  Probe  
  40  4:30  Graviton Catapult (Chrono Boost), Carrier (Chrono Boost)  
  42  4:39  Probe  
  42  4:40  Probe (Chrono Boost)  
  42  4:45  Pylon  
  43  4:51  Probe (Chrono Boost)  
  50  4:59  Probe (Chrono Boost)  
  52  5:00  Probe (Chrono Boost)  
  52  5:04  Zealot  
  52  5:06  Probe  
  52  5:08  Probe  
  53  5:18  Probe  
  53  5:19  Gateway  
  53  5:20  Gateway  
  54  5:22  Gateway  
  54  5:24  Probe, Pylon  
  54  5:26  Carrier (Chrono Boost)  
  55  5:31  Forge  
  55  5:32  Probe  
  56  5:37  Probe  
  57  5:43  Adept  
  65  6:05  Gateway  
  65  6:07  Pylon  
  65  6:08  Stalker  
  67  6:12  Protoss Ground Weapons Level 1 (Chrono Boost)  
  67  6:16  Probe, Stargate  
  67  6:17  Pylon  
  68  6:21  Carrier (Chrono Boost)  
  68  6:24  Probe  
  69  6:30  Twilight Council, Pylon  
  69  6:34  Gateway  
  69  6:39  Pylon  
  75  6:58  Adept  
  77  7:03  Adept x3  
  79  7:20  Adept  
  79  7:22  Probe, Pylon  
  82  7:28  Probe  
  83  7:42  Adept x2  
  83  7:43  Adept x2  
  91  7:44  Probe  
  92  7:56  Carrier (Chrono Boost)  
  92  7:59  Shield Upgrade  
  92  8:01  Adept  
  92  8:02  Adept  
  80  8:28  Nexus  
  80  8:30  Adept  
  80  8:31  Adept  
  83  8:41  Sentry  
  87  8:59  Pylon  
  75  9:13  Cybernetics Core  
  68  9:43  Pylon  
  68  9:44  Pylon  
  33  10:54  Nexus, Pylon  
  33  10:55  Pylon  
  33  10:57  Pylon, Assimilator  
  33  10:58  Assimilator  
Tags
 
Add a new tag
Caveats
  • Supply blocks, unpowered buildings, or Contaminate may cause inaccurate times.
  • Supply counts are checked every 10 seconds.